ATL
SOMERSET PATRIOTS @ SOUTHERN MARYLAND BLUE CRABS
08/23/2072
 
TOP OF THE 1ST
Martinez Mackerel batting - Pitching for White Sands Pupfish : RHP Tyler Holt
Pitching: RHP Tyler Holt
Batting: RHB Ken Spainhower 0-0: Called Strike
0-1: Ball
1-1: Foul Ball, location: 2F
1-2: Fly out, F8 (Line Drive, 8LM, EV 97.5 MPH)
Batting: RHB Cesar Medina 0-0: Called Strike
0-1: Fly out, F8 (Flyball, 8RS, EV 88.1 MPH)
Batting: LHB Adam Wilburn 0-0: Ball
1-0: Hit by Pitch
Batting: LHB Jake Wellner 0-0: Ball
Balk!
Adam Wilburn to second
1-0: Called Strike
1-1: Ball
2-1: Ball
3-1: Foul Ball, location: 2F
3-2: Foul Ball, location: 2F
3-2: Foul Ball, location: 2F
3-2: Fly out, F7 (Flyball, 7LS, EV 74.4 MPH)
Top of the 1st over - 0 runs, 0 hits, 0 errors, 1 left on base; Martinez 0 - White Sands 0
BOTTOM OF THE 1ST
White Sands Pupfish batting - Pitching for Martinez Mackerel : RHP Devin Hayes
Pitching: RHP Devin Hayes
Batting: LHB Octavio Alicea 0-0: Foul Ball, location: 2F
0-1: Swinging Strike
0-2: Foul Ball, location: 2F
0-2: Ground out 5-3 (Groundball, 5L, EV 88.1 MPH)
Batting: RHB Bill Forstner 0-0: Ball
1-0: Fly out, F8 (Flyball, 8LS, EV 87.5 MPH)
Batting: RHB Dave Lowery 0-0: Foul Ball, location: 2F
0-1: Ball
1-1: Ball
2-1: Ball
3-1: Foul Ball, location: 2F
3-2: Base on Balls
Batting: LHB John Pinkham 0-0: Called Strike
Dave Lowery steals 2nd base
0-1: SINGLE (Flyball, 3D, EV 100.0 MPH)
Dave Lowery to third
Runner from 3rd tries for Home, SAFE, throw by RF to home
Batting: RHB Jose Abreu 0-0: SINGLE (Groundball, 6MD, EV 105.0 MPH)
John Pinkham to second
Batting: RHB Kellen Hatheway 0-0: Ball
1-0: Ball
2-0: Foul Ball, location: 2F
2-1: Called Strike
2-2: Ball
3-2: Strikes out looking
Bottom of the 1st over - 1 run, 2 hits, 0 errors, 2 left on base; Martinez 0 - White Sands 1
TOP OF THE 2ND
Martinez Mackerel batting - Pitching for White Sands Pupfish : RHP Tyler Holt
Batting: RHB Robert Ramirez 0-0: Ball
1-0: Fly out, F8 (Flyball, 8LD, EV 96.9 MPH)
Batting: RHB Rick Phillips 0-0: Foul Ball, location: 2F
0-1: Ball
1-1: Ball
2-1: Called Strike
2-2: Strikes out swinging
Batting: RHB Garrett Barber 0-0: Fly out, F9 (Flyball, 9, EV 96.9 MPH)
Top of the 2nd over - 0 runs, 0 hits, 0 errors, 0 left on base; Martinez 0 - White Sands 1
BOTTOM OF THE 2ND
White Sands Pupfish batting - Pitching for Martinez Mackerel : RHP Devin Hayes
Batting: RHB Chris Whitley 0-0: Called Strike
0-1: Called Strike
0-2: Ball
1-2: Ball
2-2: Ball
3-2: Strikes out swinging
Batting: RHB A.J. Nitzschke 0-0: Foul Ball, location: 2F
0-1: Foul Ball, location: 2F
0-2: Ball
1-2: Foul Ball, location: 2F
1-2: Ball
2-2: Ball
3-2: Foul Ball, location: 2F
3-2: Foul Ball, location: 2F
3-2: Foul Ball, location: 2F
3-2: TRIPLE (Flyball, 9LD, EV 113.1 MPH)
Batting: RHB Tyler Holt 0-0: Fly out, F8 (Flyball, 78M, EV 86.9 MPH)
Runner from 3rd tags up, OUT at HOME! 8-2
Bottom of the 2nd over - 0 runs, 1 hit, 0 errors, 0 left on base; Martinez 0 - White Sands 1
TOP OF THE 3RD
Martinez Mackerel batting - Pitching for White Sands Pupfish : RHP Tyler Holt
Batting: RHB Michael Gulino 0-0: Ball
1-0: Called Strike
1-1: Ground out 4-3 (Groundball, 4, EV 88.8 MPH)
Batting: RHB Devin Hayes 0-0: Called Strike
0-1: Swinging Strike
0-2: Ball
1-2: Ball
2-2: Ball
3-2: Strikes out swinging
Batting: RHB Ken Spainhower 0-0: Called Strike
0-1: Ball
1-1: Ground out 5-3 (Groundball, 56, EV 83.8 MPH)
Top of the 3rd over - 0 runs, 0 hits, 0 errors, 0 left on base; Martinez 0 - White Sands 1
BOTTOM OF THE 3RD
White Sands Pupfish batting - Pitching for Martinez Mackerel : RHP Devin Hayes
Batting: LHB Octavio Alicea 0-0: Foul Ball, location: 2F
0-1: Ground out 3-1 (Groundball, 34, EV 90.6 MPH)
Batting: RHB Bill Forstner 0-0: Called Strike
0-1: Ball
1-1: Ground out 5-3 (Groundball, 56, EV 101.2 MPH)
Batting: RHB Dave Lowery 0-0: Ball
1-0: Ball
2-0: Ball
3-0: Base on Balls
Batting: LHB John Pinkham 0-0: Called Strike
Dave Lowery is caught stealing 2nd base 2-6
Bottom of the 3rd over - 0 runs, 0 hits, 0 errors, 0 left on base; Martinez 0 - White Sands 1
TOP OF THE 4TH
Martinez Mackerel batting - Pitching for White Sands Pupfish : RHP Tyler Holt
Batting: RHB Cesar Medina 0-0: Ball
1-0: Ball
2-0: Swinging Strike
2-1: Fly out, F8 (Line Drive, 8LD, EV 88.1 MPH)
Batting: LHB Adam Wilburn 0-0: SOLO HOME RUN (Flyball, 9LD, EV 106.2 MPH), Distance : 362 ft
Batting: LHB Jake Wellner 0-0: Ball
1-0: Ball
2-0: Ball
3-0: Called Strike
3-1: Swinging Strike
3-2: Foul Ball, location: 2F
3-2: Strikes out swinging
Batting: RHB Robert Ramirez 0-0: Ball
1-0: Called Strike
1-1: Ball
2-1: Called Strike
2-2: Strikes out swinging
Top of the 4th over - 1 run, 1 hit, 0 errors, 0 left on base; Martinez 1 - White Sands 1
BOTTOM OF THE 4TH
White Sands Pupfish batting - Pitching for Martinez Mackerel : RHP Devin Hayes
Batting: LHB John Pinkham 0-0: Ball
1-0: Foul Ball, location: 2F
1-1: Ball
2-1: Ball
3-1: Base on Balls
Batting: RHB Jose Abreu 0-0: DOUBLE (Flyball, 9D, EV 91.2 MPH)
John Pinkham to third
Batting: RHB Kellen Hatheway 0-0: Called Strike
0-1: SINGLE (Line Drive, 9LS, EV 100.6 MPH)
John Pinkham scores
Jose Abreu to third
Runner from 3rd tries for Home, SAFE, throw by RF to home
Batting: RHB Chris Whitley 0-0: Called Strike
0-1: Swinging Strike
0-2: Ball
1-2: Grounds into double play, 6-4-3 (Groundball, 6, EV 100.0 MPH)
Batting: RHB A.J. Nitzschke 0-0: Called Strike
0-1: Foul Ball, location: 2F
0-2: Strikes out swinging
Bottom of the 4th over - 2 runs, 2 hits, 0 errors, 0 left on base; Martinez 1 - White Sands 3
TOP OF THE 5TH
Martinez Mackerel batting - Pitching for White Sands Pupfish : RHP Tyler Holt
Batting: RHB Rick Phillips 0-0: Called Strike
0-1: Swinging Strike
0-2: Strikes out looking
Batting: RHB Garrett Barber 0-0: Called Strike
0-1: Ball
1-1: Fly out, F8 (Line Drive, 8RD, EV 106.9 MPH)
Batting: RHB Michael Gulino 0-0: Ball
1-0: Ball
2-0: Ground out 6-3 (Groundball, 6, EV 81.2 MPH)
Top of the 5th over - 0 runs, 0 hits, 0 errors, 0 left on base; Martinez 1 - White Sands 3
BOTTOM OF THE 5TH
White Sands Pupfish batting - Pitching for Martinez Mackerel : RHP Devin Hayes
Batting: RHB Tyler Holt 0-0: Swinging Strike
0-1: Ball
1-1: Called Strike
1-2: Strikes out swinging
Batting: LHB Octavio Alicea 0-0: Ball
1-0: Foul Ball, location: 2F
1-1: Called Strike
1-2: Ball
2-2: Fly out, F7 (Line Drive, 7, EV 103.8 MPH)
Batting: RHB Bill Forstner 0-0: Ball
1-0: Swinging Strike
1-1: Ball
2-1: Ground out 5-3 (Groundball, 56, EV 81.2 MPH)
Bottom of the 5th over - 0 runs, 0 hits, 0 errors, 0 left on base; Martinez 1 - White Sands 3
TOP OF THE 6TH
Martinez Mackerel batting - Pitching for White Sands Pupfish : RHP Tyler Holt
Batting: RHB Devin Hayes 0-0: Called Strike
0-1: Fly out, F4 (Popup, 4S, EV 76.9 MPH)
Pitching: RHP Michael Pack
Batting: RHB Ken Spainhower 0-0: Ball
1-0: Ball
2-0: Called Strike
2-1: Ball
3-1: Base on Balls
Batting: RHB Cesar Medina 0-0: Ball
1-0: Ball
2-0: Foul Ball, location: 2F
2-1: Ball
3-1: Foul Ball, location: 2F
3-2: Foul Ball, location: 2F
3-2: Strikes out looking
Batting: LHB Adam Wilburn 0-0: Called Strike
0-1: Ball
1-1: Ball
2-1: Ball
3-1: Fly out, F6 (Flyball, 6D, EV 88.1 MPH)
Top of the 6th over - 0 runs, 0 hits, 0 errors, 1 left on base; Martinez 1 - White Sands 3
BOTTOM OF THE 6TH
White Sands Pupfish batting - Pitching for Martinez Mackerel : RHP Devin Hayes
Batting: RHB Dave Lowery 0-0: SOLO HOME RUN (Flyball, 7D, EV 103.1 MPH), Distance : 370 ft
Batting: LHB John Pinkham 0-0: Ball
1-0: Fly out, F8 (Flyball, 8RXD, EV 83.1 MPH)
Batting: RHB Jose Abreu 0-0: Ground out 5-3 (Groundball, 56S, EV 65.0 MPH)
Batting: RHB Kellen Hatheway 0-0: Called Strike
0-1: Called Strike
0-2: Ball
1-2: Ground out 6-3 (Groundball, 6, EV 80.0 MPH)
Bottom of the 6th over - 1 run, 1 hit, 0 errors, 0 left on base; Martinez 1 - White Sands 4
TOP OF THE 7TH
Martinez Mackerel batting - Pitching for White Sands Pupfish : RHP Michael Pack
Batting: LHB Jake Wellner 0-0: Foul Ball, location: 2F
0-1: Called Strike
0-2: Ball
1-2: Strikes out looking
Batting: RHB Robert Ramirez 0-0: SINGLE (Groundball, 56D, EV 93.8 MPH)
Batting: RHB Rick Phillips 0-0: Ball
Robert Ramirez steals 2nd base
1-0: Called Strike
1-1: Fly out, F7 (Flyball, 78M, EV 71.2 MPH)
Batting: RHB Garrett Barber 0-0: Ball
1-0: Called Strike
1-1: Swinging Strike
1-2: Foul Ball, location: 2F
1-2: Strikes out swinging
Top of the 7th over - 0 runs, 1 hit, 0 errors, 1 left on base; Martinez 1 - White Sands 4
BOTTOM OF THE 7TH
White Sands Pupfish batting - Pitching for Martinez Mackerel : RHP Devin Hayes
Batting: RHB Chris Whitley 0-0: Ball
1-0: Called Strike
1-1: Swinging Strike
1-2: Ball
2-2: Strikes out swinging, 2-3 out at first.
Batting: RHB A.J. Nitzschke 0-0: Foul Ball, location: 2F
0-1: Swinging Strike
0-2: Strikes out swinging
Batting: RHB Michael Pack 0-0: Foul Ball, location: 2F
0-1: Ball
1-1: Ball
2-1: Foul Ball, location: 2F
2-2: Strikes out looking
Bottom of the 7th over - 0 runs, 0 hits, 0 errors, 0 left on base; Martinez 1 - White Sands 4
TOP OF THE 8TH
Martinez Mackerel batting - Pitching for White Sands Pupfish : RHP Michael Pack
Batting: RHB Michael Gulino 0-0: Called Strike
0-1: Foul Ball, location: 2F
0-2: Strikes out swinging
Pinch Hitting: RHB Eric White 0-0: Called Strike
0-1: Foul Ball, location: 2F
0-2: Ball
1-2: Strikes out swinging
Batting: RHB Ken Spainhower 0-0: Ball
1-0: Ball
2-0: SINGLE (Groundball, 56D, EV 109.4 MPH)
Batting: RHB Cesar Medina 0-0: Fly out, F9 (Flyball, 9, EV 92.5 MPH)
Top of the 8th over - 0 runs, 1 hit, 0 errors, 1 left on base; Martinez 1 - White Sands 4
BOTTOM OF THE 8TH
White Sands Pupfish batting - Pitching for Martinez Mackerel : RHP Devin Hayes
Pitching: LHP Kevin Roberts
Batting: LHB Octavio Alicea 0-0: Ground out 6-3 (Groundball, 6, EV 104.4 MPH)
Batting: RHB Bill Forstner 0-0: Ball
1-0: Foul Ball, location: 2F
1-1: Ball
2-1: Ball
3-1: Base on Balls
Batting: RHB Dave Lowery 0-0: Called Strike
0-1: Ball
1-1: Ground out 5-3 (Groundball, 5S, EV 77.5 MPH)
Bill Forstner to second
Batting: LHB John Pinkham 0-0: Ball
1-0: Ground out U3 (Groundball, 34, EV 90.0 MPH)
Bottom of the 8th over - 0 runs, 0 hits, 0 errors, 1 left on base; Martinez 1 - White Sands 4
TOP OF THE 9TH
Martinez Mackerel batting - Pitching for White Sands Pupfish : RHP Michael Pack
Batting: LHB Adam Wilburn 0-0: Ball
1-0: Swinging Strike
1-1: Swinging Strike
1-2: Ball
2-2: SOLO HOME RUN (Flyball, 89XD, EV 96.9 MPH), Distance : 440 ft
Pitching: RHP Dino Cattai
Batting: LHB Jake Wellner 0-0: Ball
1-0: Ball
2-0: Ball
3-0: Called Strike
3-1: Base on Balls
Pinch Hitting: RHB Mario Bustamente 0-0: Called Strike
0-1: Called Strike
0-2: Ball
1-2: Strikes out looking
Pinch Hitting: SHB Seth Koziara 0-0: Called Strike
0-1: Ball
1-1: Ball
2-1: Foul Ball, location: 2F
2-2: Foul Ball, location: 2F
2-2: Ball
3-2: Foul Ball, location: 2F
3-2: Base on Balls
Jake Wellner to second
Batting: RHB Garrett Barber 0-0: Called Strike
0-1: Ball
1-1: Grounds into double play, 3-6-1 (Groundball, 34, EV 106.2 MPH)
Top of the 9th over - 1 run, 1 hit, 0 errors, 1 left on base; Martinez 2 - White Sands 4
Sunday, October 31st , 2021 - OOTP Baseball 22.10 Build 79